 Dungeon Sprint DCSS version 0.26.1-12-g5ba1501909 (webtiles) character file.

Game seed: 13103684995370402586

1100000 coldcut the Slayer (level 12, -9/129 HPs)
             Began as a Demonspawn Abyssal Knight on Nov 3, 2021.
             Was a Believer of Lugonu.
             Mangled by a bag of meat
             ... wielding a +9 war axe
              (19 damage)
             ... in the Dungeon (Sprint VIII: "Arena of Blood").
             The game lasted 00:00:55 (11 turns).

coldcut the Slayer (Demonspawn Abyssal Knight)        Turns: 11, Time: 00:01:00

Health: -9/129     AC:  4    Str: 17    XL:     12   Next: 96%
Magic:  1/22       EV: 16    Int: 15    God:    Lugonu [**....]
Gold:   0          SH:  0    Dex: 12    Spells: 11/11 levels left

rFire    . . .     SeeInvis .   i - +โˆž Axe of Woe
rCold    + . .     Faith    .   (shield currently unavailable)
rNeg     . . .     Spirit   .   b - +0 leather armour
rPois    .         Reflect  .   (helmet restricted)
rElec    .         Harm     .   (no cloak)
rCorr    .         Rampage  .   (no gloves)
Will     .....     NoTele   +   (no boots)
Stlth    +.........             (no amulet)
HPRegen  0.31/turn              (no ring)
MPRegen  0.18/turn              (no ring)

@: no status effects
A: antennae 2, repulsion field 2, cold resistance 1, foul stench 1, miasma
immunity, freezing cloud immunity
a: Renounce Religion, Bend Space


You were in the Dungeon.
You worshipped Lugonu.
Lugonu was pleased with you.
You visited 1 branch

Inventory:

Hand Weapons
 a - a +1 falchion
 i - the +โˆž Axe of Woe (weapon)
   (You found it in the Dungeon)
Armour
 b - a +0 leather armour (worn)
Scrolls
 h - a scroll of blinking
Potions
 c - a potion of curing
 d - a potion of heal wounds
 e - a potion of haste
 f - 2 potions of magic
 g - a potion of berserk rage


   Skills:
 + Level 23.4 Fighting
 + Level 11.8 Long Blades
 + Level 8.0 Axes
 + Level 11.8 Armour
 + Level 3.2 Dodging
 + Level 14.2 Invocations


You had 11 spell levels left.
You didn't know any spells.
Your spell library was empty.

Dungeon Overview and Level Annotations

Branches:
Dungeon (1/1)

Altars:
Makhleb


Innate Abilities, Weirdness & Mutations

You have a pair of antennae on your head.
You are surrounded by a moderate repulsion field. (EV +3)
Your flesh is cold resistant. (rC+)
You may emit foul miasma when damaged in melee.
You are immune to miasma.
You are immune to freezing clouds.


Message History

Your demonic ancestry asserts itself...
You begin to emit a foul stench of rot and decay.
You have reached level 11!
You have reached level 12!
Your experience leads to an increase in your attributes!
Increase (S)trength, (I)ntelligence, or (D)exterity?
You feel stronger.
You feel clever.
Your demonic ancestry asserts itself...
Your repulsive radiation grows stronger.
Unknown command.
Unknown command.
A bag of meat comes into view. It is wielding a +9 war axe.
The bag of meat shouts! x2; You hear a shout! x6
There is a burning altar of Makhleb here.
Space bends around you!
You blink. 6 orcs and 2 ogres come into view.
The meat berserker shouts!
The bag of meat shouts! x6; You hear a shout! x3
The meat berserker rages.
You hear a shout!
The bag of meat hits you with a +9 war axe!!
You die...

#.. o..# . #.. ...#
O... ..###..
...###....
.......###.........
........_.o........
#.....#.......
#_.<.ยง#....o..
.#...oo#o.....#
......_.)@..o....
......###.........
..###.. ....###....
. #.....o.# ...
#...O...# .
.....O.o. .....o...
...o.oo..


You could see 3 meat berserkers and 12 bags of meat.

Vanquished Creatures
  2 orcs (D)
2 creatures vanquished.

Notes
Turn   | Place    | Note
-------+----------+-------------------------------------------
     0 | D        | Found the +โˆž Axe of Woe
     0 | D        | coldcut the Demonspawn Abyssal Knight began the quest for
                  | the Orb.
     0 | D        | Reached XP level 1. HP: 18/18 MP: 2/2
     3 | D        | Noticed a bag of meat
     4 | D        | Noticed a bag of meat
     5 | D        | Noticed a bag of meat
     6 | D        | Noticed a bag of meat
     7 | D        | Noticed a bag of meat
     8 | D        | Noticed a bag of meat
     9 | D        | Killed a bag of meat
     9 | D        | Killed a bag of meat
     9 | D        | Reached ** piety under Lugonu
     9 | D        | Noticed a meat berserker
     9 | D        | Noticed a bag of meat
     9 | D        | Noticed a bag of meat
    10 | D        | Reached skill level 23 in Fighting
    10 | D        | Gained mutation: You are immune to miasma. [demonic
                  | ancestry]
    10 | D        | Reached XP level 2. HP: 5/57 MP: 2/10
    10 | D        | Gained mutation: Your flesh is cold resistant. (rC+)
                  | [demonic ancestry]
    10 | D        | Reached XP level 3. HP: 5/64 MP: 2/11
    10 | D        | Gained mutation: You have a pair of small antennae on your
                  | head. [demonic ancestry]
    10 | D        | Reached XP level 4. HP: 6/71 MP: 2/13
    10 | D        | Gained mutation: You have a pair of antennae on your head.
                  | [demonic ancestry]
    10 | D        | Reached XP level 5. HP: 7/78 MP: 2/14
    10 | D        | Reached XP level 6. HP: 7/86 MP: 2/16
    10 | D        | Gained mutation: You are surrounded by a mild repulsion
                  | field. (EV +2) [demonic ancestry]
    10 | D        | Reached XP level 7. HP: 8/92 MP: 2/17
    10 | D        | Gained mutation: You are immune to freezing clouds.
                  | [demonic ancestry]
    10 | D        | Reached XP level 8. HP: 9/100 MP: 2/18
    10 | D        | Reached XP level 9. HP: 9/107 MP: 2/19
    10 | D        | Gained mutation: You may emit foul miasma when damaged in
                  | melee. [demonic ancestry]
    10 | D        | Reached XP level 10. HP: 10/114 MP: 2/20
    10 | D        | Reached XP level 11. HP: 10/121 MP: 2/21
    10 | D        | Gained mutation: You are surrounded by a moderate repulsion
                  | field. (EV +3) [demonic ancestry]
    10 | D        | Reached XP level 12. HP: 11/129 MP: 2/22
    10 | D        | Noticed a bag of meat
    11 | D        | Noticed a meat berserker
    11 | D        | Noticed a bag of meat
    11 | D        | Noticed a bag of meat
    11 | D        | Noticed a bag of meat
    11 | D        | Noticed a bag of meat
    11 | D        | Noticed a bag of meat
    11 | D        | Noticed a meat berserker
    11 | D        | Noticed a bag of meat
    11 | D        | Mangled by a bag of meat

Illustrated notes

Levels and vault maps discovered:
D:        meatsprint

Skill      XL: |  1 |
---------------+----+-----
Fighting       | 23 | 23.4
Long Blades    | 11 | 11.8
Axes           | 8 |  8.0
Armour         | 11 | 11.8
Dodging        | 3 |  3.2
Invocations    | 14 | 14.2

Action                   |  1- 3 |  4- 6 |  7- 9 | 10-12 || total
-------------------------+-------+-------+-------+-------++-------
Melee: Executioner's axe |     1 |       |       |       ||     1
Invok: Bend Space        |       |       |       |     1 ||     1
